 Dungeon Crawl Stone Soup version 0.23-a0-181-g24f899a (webtiles) character file.

135800 digijack the Impassioned (level 16, -6/149 HPs)
             Began as a Purple Draconian Monk on Sept 15, 2018.
             Was a Follower of Uskayaw.
             Blown up by an orb spider (14 damage)
             ... with a wavering orb of destruction
             ... on level 4 of the Spider Nest on Sept 20, 2018.
             The game lasted 03:32:11 (37228 turns).

digijack the Impassioned (Purple Draconian Monk)   Turns: 37228, Time: 03:32:12

Health: -6/149     AC: 17    Str: 20    XL:     16   Next: 65%
Magic:  34/34      EV: 30    Int:  9    God:    Uskayaw [*.....]
Gold:   2296       SH:  3    Dex: 30    Spells: 22/24 levels left

rFire    . . .     SeeInvis +   p - +2 Maxwell's thermic engine {flame, freeze}
rCold    + . .     Gourm    .   (no shield)
rNeg     . . .     Faith    .   (armour unavailable)
rPois    .         Spirit   .   (helmet restricted)
rElec    +         Reflect  +   q - +1 cloak "Nuthyden" {rElec rC+ Int-4 Dex+5}
rCorr    .         Harm     .   z - +2 pair of gloves
MR       +++..                  T - +2 pair of boots of Lethargy {MP+9}
Stlth    +.........             E - +3 amulet of reflection
HPRegen  0.34/turn              B - ring "Mubloimp" {Str-2 Int+5 Dex+5 Stlth-}
MPRegen  0.24/turn              v - ring "Xymergh" {rElec Str+8 Int-5 Stlth-}

@: studying Invocations
A: breathe power, unfitting armour, hooves 1, see invisible, clever 1, low mp 1,
magic resistance 1, electricity resistance, cold-blooded, AC +9
a: Breathe Dispelling Energy, Stomp, Renounce Religion


You were on level 4 of the Spider Nest.
You worshipped Uskayaw.
Uskayaw was most pleased with you.
You were hungry.

You visited 3 branches of the dungeon, and saw 25 of its levels.
You also visited: Ice Cave.

You collected 2296 gold pieces.

Inventory:

Hand Weapons
 p - the +2 Maxwell's thermic engine (weapon) {flame, freeze}
   (You found it in an ice cave)

   It has been specially enchanted to burn those struck by it, causing extra
   injury to most foes and up to half again as much damage against particularly
   susceptible opponents.
   Big, fiery blades are also staple armaments of hydra-hunters.
Missiles
 c - 27 tomahawks
 h - 760 stones
 s - 12 javelins (quivered)
 N - 3 throwing nets
Armour
 n - a scarf of resistance
 q - the +1 cloak "Nuthyden" (worn) {rElec rC+ Int-4 Dex+5}
   (You found it on level 8 of the Dungeon)

   It affects your intelligence (-4).
   It affects your dexterity (+5).
   It protects you from cold.
   It insulates you from electricity.
 z - a +2 pair of gloves (worn)
 T - the +2 pair of boots of Lethargy (worn) {MP+9}
   (You found it on level 11 of the Dungeon)

   It affects your magic capacity (+9).
Jewellery
 v - the ring "Xymergh" (right hand) {rElec Str+8 Int-5 Stlth-}
   (You took it off a wight on level 9 of the Dungeon)

   [ring of attention]

   It affects your strength (+8).
   It affects your intelligence (-5).
   It insulates you from electricity.
   It makes you less stealthy.
 B - the ring "Mubloimp" (left hand) {Str-2 Int+5 Dex+5 Stlth-}
   (You found it on level 12 of the Dungeon)

   [ring of attention]

   It affects your strength (-2).
   It affects your intelligence (+5).
   It affects your dexterity (+5).
   It makes you less stealthy.
 E - a +3 amulet of reflection (around neck)
 J - the ring "Sosext" {rPois rC+ MR++}
   (You found it on level 5 of the Lair of Beasts)

   [ring of poison resistance]

   It protects you from cold.
   It protects you from poison.
   It affects your resistance to hostile enchantments.
 M - an uncursed ring of resist corrosion
Wands
 j - a wand of flame (56)
 u - a wand of random effects (43)
 y - a wand of polymorph (29)
 F - a wand of iceblast (18)
 G - a wand of acid (31)
 I - a wand of enslavement (32)
 K - a wand of clouds (6)
 O - a wand of disintegration (9)
Scrolls
 d - 5 scrolls of teleportation
 f - 15 scrolls of identify
 i - 5 scrolls of remove curse
 o - 2 scrolls of blinking
 r - 3 scrolls of fog
 x - 2 scrolls of fear
 A - 2 scrolls of enchant weapon
 D - a scroll of magic mapping
 L - a scroll of amnesia
 V - a scroll of silence
Potions
 g - 3 potions of flight
 k - 2 potions of agility
 l - 6 potions of brilliance
 t - a potion of resistance
 w - a potion of heal wounds
 H - a potion of magic
 P - a potion of ambrosia
 S - a potion of might
 U - 2 potions of curing
Books
 Q - a manual of Invocations
Miscellaneous
 a - 3 boxes of beasts
 C - a lamp of fire
 R - a phial of floods
Comestibles
 b - 32 rations
 m - 3 chunks of flesh


   Skills:
 + Level 15.6 Fighting
 - Level 16.0 Long Blades
 + Level 15.5 Dodging
 - Level 1.9 Stealth
   Level 4.4 Shields
 - Level 4.7 Spellcasting
   Level 2.4 Charms
 - Level 2.1 Translocations
   Level 2.2 Air Magic
 + Level 16.7 Invocations


You had 22 spell levels left.
You knew the following spells:

 Your Spells              Type           Power        Failure   Level  Hunger
a - Blink                 Tloc           N/A          16%         2    ##.....

Your spell library contained the following spells:

 Spells                   Type           Power        Failure   Level  Hunger
 Swiftness                Chrm/Air       #.......     14%         2    ##.....
 Shock                    Conj/Air       #...         16%         1    #......
 Poisonous Vapours        Pois/Air       #.....       24%         2    ##.....
 Beastly Appendage        Tmut           #.....       26%         1    #......
 Confusing Touch          Hex            #.....       26%         1    #......
 Corona                   Hex            #......      26%         1    #......
 Flame Tongue             Conj/Fire      #....        26%         1    #......
 Magic Dart               Conj           #...         26%         1    #......
 Summon Small Mammal      Summ           #...         26%         1    #......
 Gell's Gravitas          Tloc           #.........   32%         3    ###....
 Call Imp                 Summ           #.......     36%         2    ##.....
 Ensorcelled Hibernation  Hex/Ice        #.....       36%         2    ##.....
 Slow                     Hex            #.......     36%         2    ##.....
 Sticks to Snakes         Tmut           #.......     36%         2    ##.....
 Sublimation of Blood     Necr           #.........   36%         2    ##.....
 Static Discharge         Conj/Air       #.......     43%         3    ###....
 Recall                   Summ/Tloc      N/A          45%         3    ###....
 Mephitic Cloud           Conj/Pois/Air  #.......     50%         3    ###....
 Call Canine Familiar     Summ           #.......     58%         3    ###....
 Confuse                  Hex            #.......     58%         3    ###....
 Conjure Flame            Conj/Fire      #.......     58%         3    ###....
 Dazzling Spray           Conj/Hex       #.....       58%         3    ###....
 Ignite Poison            Fire/Tmut/Pois #.......     58%         3    ###....
 Spider Form              Tmut/Pois      #.........   58%         3    ###....
 Summon Guardian Golem    Hex/Summ       #.......     58%         3    ###....
 Tukima's Dance           Hex            #.......     58%         3    ###....
 Airstrike                Air            #.........   71%         4    #####..
 Summon Lightning Spire   Summ/Air       #.......     85%         4    #####..
 Ice Form                 Ice/Tmut       #.......     94%         4    #####..
 Petrify                  Tmut/Erth      #.......     94%         4    #####..
 Summon Ice Beast         Ice/Summ       #.......     94%         4    #####..
 Lightning Bolt           Conj/Air       #.........   99%         5    ######.
 Silence                  Hex/Air        #.........   99%         5    ######.
 Summon Forest            Summ/Tloc      #.........   99%         5    ######.
 Alistair's Intoxication  Tmut/Pois      #.......     100%        5    ######.
 Blade Hands              Tmut           #.........   100%        5    ######.
 Fireball                 Conj/Fire      #.........   100%        5    ######.
 Irradiate                Conj/Tmut      #.........   100%        5    ######.
 Metabolic Englaciation   Hex/Ice        #.........   100%        5    ######.
 Yara's Violent Unravell  Hex/Tmut       #.........   100%        5    ######.
 Bolt of Fire             Conj/Fire      #.........   100%        6    #######
 Conjure Ball Lightning   Conj/Air       #.........   100%        6    #######
 Deflect Missiles         Chrm/Air       #.........   100%        6    #######
 Freezing Cloud           Conj/Ice/Air   #.........   100%        6    #######
 Ring of Flames           Chrm/Fire      #.........   100%        7    #######
 Summon Hydra             Summ           #.........   100%        7    #######
 Ignition                 Fire           #.........   100%        8    #######
 Tornado                  Air            #.........   100%        9    #######


Dungeon Overview and Level Annotations

Branches:
Dungeon (15/15)            Temple (0/1) D:7            Lair (6/6) D:11
 Shoals (0/4) Lair:4       Spider (4/4) Lair:2        Slime (0/5) Lair:5
    Orc (0/2) D:12         Vaults (0/5) D:13         Depths (0/5) D:15

Altars:
Ashenzari
Dithmenos
Elyvilon
Fedhas
Kikubaaqudgha
Makhleb
Ru
Sif Muna
Uskayaw
Wu Jian
Xom
Yredelemnul

Annotations:
Lair:5 exclusion: 4 oklob plants


Innate Abilities, Weirdness & Mutations

You can breathe bolts of dispelling energy.
Your rich purple scales are hard. (AC +9)
You cannot fit into any form of body armour.
You are cold-blooded and may be slowed by cold attacks.
You have large cloven feet.
You have supernaturally acute eyesight. (SInv)
Your mind is acute. (Int +2)
Your magical capacity is low. (-10% MP)
You are resistant to hostile enchantments. (MR+)
You are resistant to electric shocks. (rElec)


Message History

The orb spider begins to weave its threads into a brightly glowing ball.
Press: ? - help, Shift-Dir - straight line, f - orb spider
Aim: an orb spider (fully charged)
You breathe a bolt of dispelling energy.
The bolt of dispelling energy hits the orb spider.
The orb spider is moderately wounded.
You are feeling hungry.
The orb spider weaves a glowing orb of energy.
An orb of destruction comes into view.
You see here a wolf spider corpse.
The orb of destruction hits you!
* * * LOW HITPOINT WARNING * * *
Okay, then.
You have got your breath back.
The orb spider spins a strand of pure energy.
You barely miss the orb spider. You tail-slap the orb spider.
The orb spider is moderately wounded.
The orb spider weaves a glowing orb of energy.
The wavering orb of destruction weakly hits you!
You die...

#^#..### #...^.#
##...### ##....#
#....####
##..##^≈##
#...#^...# .
##...s≈..## #..
#..@.†...#...≈
#..#..†...≈...
##..#†.†≈!..##
###..†..#....##
#.....#####..#
##...#..........#
#.#...##..........#
#^........#..#....#
.....####...#### #


You could see an orb spider.

Vanquished Creatures
  Frances (Spider:2)
  The ghost of Lihy the Peltast, an adept MiFi of the Shining One (Spider:3)
  Agnes (Spider:1)
  2 frost giants (D:12)
  4 emperor scorpions
  A war gargoyle (D:13)
  2 entropy weavers (Spider:2)
  The ghost of heinrich the Severer, a journeyman FoFi of Gozag (D:13)
  A spark wasp (Spider:4)
  Josephine (Spider:1)
  The ghost of Uril the Severer, a journeyman MiBe of Trog (Lair:1)
  A rakshasa (D:14)
  2 hydras
  Harold (Lair:2)
  A vault guard (D:13)
  A catoblepas (Lair:5)
  7 two-headed ogres
  4 centaur warriors
  Erica (D:9)
  An ogre mage (D:15)
  The ghost of nht the Cleaver, a novice MiHu of Okawaru (D:10)
  2 tengu warriors
  4 death yaks (Lair:2)
  Nergalle (Lair:4)
  Sonja (Lair:2)
  2 skeletal warriors (D:15)
  2 unseen horrors
  A wolf spider zombie (D:15)
  A phantasmal warrior (D:15)
  2 deep elf magi
  10 orb spiders
  2 necromancers
  4 cyclopes
  7 ugly things
  4 manticores
  7 elephants
  3 moths of wrath
  23 wolf spiders
  3 black mambas
  A spriggan zombie (D:15)
  A black mamba (shapeshifter) (D:11)
  2 ice statues (IceCv)
  A torpor snail (Lair:5)
  22 spiny frogs
  2 rime drakes
  6 komodo dragons
  8 demonic crawlers
  2 kobold demonologists (D:15)
  7 ice devils (IceCv)
  2 tengu conjurers (D:15)
  A yaktaur (D:13)
  3 trolls
  2 polar bears (Lair:5)
  28 jumping spiders
  11 tyrant leeches
  6 hornets
  2 fire dragon zombies (D:15)
  A slime creature (D:14)
  16 blink frogs (Lair:6)
  A harpy skeleton (D:15)
  5 dream sheep (Lair:4)
  An ice dragon zombie (D:15)
  7 hippogriffs
  60 redbacks
  A vampire (D:13)
  The ghost of whitenoisemaker the Firebug, an amateur DEFE (D:4)
  A water elemental (D:12)
  16 tarantellas
  10 wraiths
  3 shadows
  24 humans
  8 wyverns
  3 hogs (D:11)
  31 yaks
  6 vampire mosquitoes (Lair:6)
  2 basilisks
  A hungry ghost (D:8)
  Grum (D:9)
  Menkaure (D:6)
  9 swamp worms (Lair:5)
  7 acid dragons
  3 wargs (D:11)
  A soldier ant (D:12)
  14 water moccasins
  3 porcupines
  12 orc warriors
  4 sky beasts
  2 phantoms
  5 ice beasts
  A black bear (D:11)
  A necrophage (D:11)
  3 boggarts (D:15)
  9 ogres
  14 centaurs
  14 wolves
  8 crocodiles
  34 bullfrogs
  A big kobold (D:11)
  A gnoll sergeant (D:8)
  7 scorpions
  8 killer bees
  4 vampire bats (D:12)
  An oklob sapling (D:7)
  21 wights
  4 howler monkeys
  5 jellies
  6 electric eels
  7 crimson imps
  3 bullfrog zombies
  12 orc priests
  5 centaur skeletons
  4 hounds
  5 iguanas
  A bullfrog skeleton (D:13)
  16 orc wizards
  9 worker ants
  A hound zombie (D:10)
  A worker ant zombie (D:11)
  7 gnolls
  6 adders
  2 howler monkey skeletons
  6 shadow imps
  9 white imps (IceCv)
  4 ufetubi (IceCv)
  7 oozes
  2 adder skeletons
  An adder zombie (D:7)
  5 worms
  5 dart slugs
  4 leopard geckos
  44 orcs
  8 bats
  3 giant cockroaches
  9 goblins
  4 hobgoblins
  4 jackals
  16 kobolds
  4 quokkas
  A ball python (D:5)
  3 frilled lizards
  A jackal zombie (D:6)
  A quokka zombie (D:7)
  31 rats
  A plant (D:7)
876 creatures vanquished.

Vanquished Creatures (others)
  A reaper (IceCv)
  A blink frog (Lair:6)
  A wolf (Lair:5)
  4 white imps (IceCv)
  6 ufetubi (IceCv)
  A goblin (D:2)
  A hobgoblin (D:2)
  14 fungi
  55 plants
  3 withered plants (D:15)
87 creatures vanquished.

Grand Total: 963 creatures vanquished

Notes
Turn   | Place    | Note
-------+----------+-------------------------------------------
     0 | D:1      | digijack the Draconian Monk began the quest for the Orb.
     0 | D:1      | Reached XP level 1. HP: 19/19 MP: 1/1
   271 | D:1      | Reached XP level 2. HP: 26/26 MP: 2/2
   506 | D:1      | Reached XP level 3. HP: 28/33 MP: 3/3
  1001 | D:2      | Found a sacrificial altar of Ru.
  1069 | D:2      | Reached XP level 4. HP: 18/40 MP: 4/4
  1726 | D:3      | Upgraded the game from 0.23-a0-171-g5ae17c6 to
                  | 0.23-a0-180-ga5275e7
  2086 | D:3      | Reached XP level 5. HP: 43/47 MP: 5/5
  2530 | D:4      | Reached skill level 5 in Long Blades
  2530 | D:4      | Reached XP level 6. HP: 38/55 MP: 6/6
  2707 | D:4      | Reached skill level 5 in Fighting
  2737 | D:4      | Found a hide-covered altar of Uskayaw.
  2884 | D:4      | Became a worshipper of Uskayaw the Reveler
  2884 | D:4      | Reached * piety under Uskayaw
  2933 | D:4      | Reached ** piety under Uskayaw
  3069 | D:4      | Reached skill level 1 in Invocations
  3257 | D:4      | Found a runed door.
  3261 | D:4      | Noticed whitenoisemaker's ghost (amateur DEFE)
  3299 | D:4      | Your scales start taking on a rich purple colour.
  3299 | D:4      | Reached XP level 7. HP: 56/61 MP: 3/7
  3311 | D:4      | Upgraded the game from 0.23-a0-180-ga5275e7 to
                  | 0.23-a0-181-g24f899a
  3434 | D:4      | Found a burning altar of Makhleb.
  3945 | D:5      | Entered Level 5 of the Dungeon
  4026 | D:5      | Reached *** piety under Uskayaw
  4369 | D:5      | Found a shattered altar of Ashenzari.
  4421 | D:5      | Reached XP level 8. HP: 23/70 MP: 8/10
  5114 | D:6      | Found a white marble altar of Elyvilon.
  5130 | D:6      | Noticed Menkaure
  5142 | D:6      | Killed Menkaure
  5142 | D:6      | Reached skill level 5 in Dodging
  6274 | D:6      | Found an ornate altar of the Wu Jian Council.
  6277 | D:6      | Found an ancient bone altar of Kikubaaqudgha.
  6278 | D:6      | Found a deep blue altar of Sif Muna.
  6300 | D:6      | Found a shadowy altar of Dithmenos.
  7092 | D:7      | Found a staircase to the Ecumenical Temple.
  7156 | D:7      | Reached XP level 9. HP: 75/78 MP: 12/12
  7257 | D:7      | Reached **** piety under Uskayaw
  7569 | D:7      | Reached skill level 5 in Invocations
  8518 | D:8      | Got a fine cloak
  8529 | D:8      | Identified the +1 cloak "Nuthyden" {rElec rC+ Int-4 Dex+5}
                  | (You found it on level 8 of the Dungeon)
  8971 | D:8      | Learned a level 2 spell: Swiftness
  9135 | D:8      | Identified a scroll of acquirement
  9472 | D:9      | Noticed Erica
  9492 | D:9      | Killed Erica
  9492 | D:9      | Reached XP level 10. HP: 29/88 MP: 10/14
  9823 | D:9      | Noticed Grum
  9838 | D:9      | Killed Grum
  9972 | D:9      | Found a shimmering altar of Xom.
 10057 | D:9      | Got a slimy granite ring
 10066 | D:9      | Identified the ring "Xymergh" {rElec Str+8 Int-5 Stlth-}
                  | (You took it off a wight on level 9 of the Dungeon)
 10260 | D:9      | Found a basalt altar of Yredelemnul.
 10629 | D:9      | You fall through a shaft!
 10629 | D:10     | Entered Level 10 of the Dungeon
 10718 | D:10     | Reached skill level 10 in Long Blades
 11431 | D:10     | Killed an unseen horror
 11663 | D:10     | Found a runed door.
 11663 | D:10     | Noticed nht's ghost (novice MiHu)
 11803 | D:4      | Killed whitenoisemaker's ghost
 11945 | D:10     | Killed nht's ghost
 12253 | D:11     | Reached XP level 11. HP: 97/97 MP: 12/16
 12257 | D:11     | Reached ***** piety under Uskayaw
 12319 | D:11     | Found a transporter.
 12320 | D:11     | Noticed a brown ugly thing
 12320 | D:11     | Noticed a red ugly thing
 12701 | D:11     | Found a staircase to the Lair.
 12710 | D:11     | Reached ****** piety under Uskayaw
 12964 | D:11     | Found a transporter.
 13635 | D:11     | Noticed a white ugly thing
 13647 | D:11     | Killed a white ugly thing
 14164 | D:11     | Killed a brown ugly thing
 14166 | D:11     | Killed a red ugly thing
 14605 | D:12     | Found a staircase to the Orcish Mines.
 14659 | D:12     | Found a frozen archway.
 14670 | IceCv    | Entered an ice cave
 14857 | IceCv    | Reached skill level 10 in Fighting
 15036 | IceCv    | Killed a reaper
 16202 | IceCv    | Found the +2 Maxwell's thermic engine {flame, freeze}
 16427 | IceCv    | Reached XP level 12. HP: 101/106 MP: 18/18
 16813 | D:12     | Got a scintillating golden ring
 16814 | D:12     | Identified the ring "Mubloimp" {Str-2 Int+5 Dex+5 Stlth-}
                  | (You found it on level 12 of the Dungeon)
 17282 | D:12     | Noticed an ice dragon
 17284 | D:12     | Noticed a red very ugly thing
 17292 | D:12     | Noticed an ettin
 17577 | D:12     | Noticed a two-headed ogre
 17586 | D:12     | Killed a two-headed ogre
 17751 | D:12     | Noticed a frost giant
 17760 | D:12     | Killed a frost giant
 18176 | D:12     | Got a wavering copper amulet
 18180 | D:12     | Identified the amulet "Cimots" {Inacc rF+++ MR+ Int-3
                  | Stlth+} (You found it on level 12 of the Dungeon)
 18224 | D:12     | Noticed a frost giant
 18232 | D:12     | HP: 4/107 [frost giant/battleaxe of freezing (2)]
 18242 | D:12     | Killed a frost giant
 18814 | D:13     | Noticed a war gargoyle
 18815 | D:13     | Noticed heinrich's ghost (journeyman FoFi)
 18819 | D:13     | Found a runed gate.
 18822 | D:13     | Found a runed gate.
 18823 | D:13     | Found a runed gate.
 18828 | D:13     | Noticed a tengu warrior
 18912 | D:13     | Noticed a centaur warrior
 18922 | D:13     | Killed a centaur warrior
 19379 | D:13     | Noticed a centaur warrior
 19393 | D:13     | Killed a centaur warrior
 19722 | D:13     | Found a gate to the Vaults.
 19722 | D:13     | Noticed a vault guard
 19750 | D:13     | Killed a vault guard
 19750 | D:13     | Reached skill level 10 in Invocations
 20076 | D:13     | Reached XP level 13. HP: 99/116 MP: 20/20
 20379 | D:14     | Found a blossoming altar of Fedhas.
 20410 | D:14     | Reached skill level 1 in Shields
 20596 | D:14     | Gained mutation: You are covered in fur. (AC +1) [potion of
                  | mutation]
 20596 | D:14     | Gained mutation: You passively map a small area around you.
                  | [potion of mutation]
 20907 | D:14     | Reached skill level 10 in Dodging
 21126 | D:14     | Found a deep blue altar of Sif Muna.
 21423 | D:15     | Entered Level 15 of the Dungeon
 22414 | D:15     | Reached XP level 14. HP: 96/126 MP: 22/22
 22416 | D:15     | Found a staircase to the Depths.
 23157 | Lair:1   | Entered Level 1 of the Lair of Beasts
 23209 | Lair:1   | Found a large runed door.
 23209 | Lair:1   | Found a large runed door.
 23210 | Lair:1   | Noticed Uril's ghost (journeyman MiBe)
 23556 | Lair:1   | Found a labyrinth entrance.
 23814 | Lair:1   | Killed Uril's ghost
 24012 | Lair:2   | Reached skill level 15 in Long Blades
 24042 | Lair:2   | Noticed Harold
 24054 | Lair:2   | Killed Harold
 24408 | Lair:2   | Found a hole to the Spider Nest.
 24720 | Lair:2   | Noticed Sonja
 26269 | Lair:4   | Noticed Nergalle
 26271 | Lair:4   | Found a staircase to the Shoals.
 26279 | Lair:4   | Killed Nergalle
 27095 | Lair:5   | Lost mutation: You passively map a small area around you.
                  | [potion of mutation]
 27095 | Lair:5   | Lost mutation: You are covered in fur. (AC +1) [potion of
                  | mutation]
 27095 | Lair:5   | Gained mutation: You are clumsy. (Dex -2) [potion of
                  | mutation]
 27095 | Lair:5   | Gained mutation: You have supernaturally acute eyesight.
                  | (SInv) [potion of mutation]
 27095 | Lair:5   | Gained mutation: You have large cloven feet. [potion of
                  | mutation]
 27095 | Lair:5   | Gained mutation: Your spells are a little harder to cast,
                  | but a little more powerful. [potion of mutation]
 27096 | Lair:5   | Lost mutation: Your spells are a little harder to cast, but
                  | a little more powerful. [potion of mutation]
 27096 | Lair:5   | Lost mutation: You are clumsy. (Dex -2) [potion of
                  | mutation]
 27096 | Lair:5   | Gained mutation: You are resistant to electric shocks.
                  | (rElec) [potion of mutation]
 27096 | Lair:5   | Gained mutation: Your magical capacity is low. (-10% MP)
                  | [potion of mutation]
 27096 | Lair:5   | Gained mutation: Your mind is acute. (Int +2) [potion of
                  | mutation]
 27096 | Lair:5   | Gained mutation: You are resistant to hostile enchantments.
                  | (MR+) [potion of mutation]
 27441 | Lair:5   | Found a staircase to the Slime Pits.
 28163 | Lair:5   | Got a bound bronze ring
 28165 | Lair:5   | Identified the ring "Sosext" {rPois rC+ MR++} (You found it
                  | on level 5 of the Lair of Beasts)
 28504 | Lair:6   | Entered Level 6 of the Lair of Beasts
 28556 | Lair:6   | Reached XP level 15. HP: 135/135 MP: 21/21
 29130 | Lair:6   | Identified the Papyrus of Scorching Illusion
 30012 | Lair:2   | Killed Sonja
 30333 | D:11     | Got a pair of bloodstained boots
 30354 | D:11     | Identified the +2 pair of boots of Lethargy {MP+9} (You
                  | found it on level 11 of the Dungeon)
 30664 | D:13     | Killed heinrich's ghost
 30838 | D:13     | Learned a level 2 spell: Blink
 31493 | Spider:1 | Entered Level 1 of the Spider Nest
 31496 | Spider:1 | Noticed Josephine
 31503 | Spider:1 | Killed Josephine
 31503 | Spider:1 | Reached skill level 1 in Translocations
 31507 | Spider:1 | Noticed Agnes
 31518 | Spider:1 | Killed Agnes
 31844 | Spider:1 | Identified the +11 long sword "Wanis" {drain, Dex+3} (You
                  | found it on level 1 of the Spider Nest)
 33998 | Spider:2 | Noticed Frances
 34005 | Spider:2 | Killed Frances
 34066 | Spider:2 | Reached XP level 16. HP: 140/147 MP: 24/24
 34489 | Spider:2 | Reached skill level 15 in Invocations
 34491 | Spider:2 | HP: 7/147 [emperor scorpion (5)]
 35046 | Spider:2 | Reached skill level 15 in Dodging
 35513 | Spider:2 | Reached skill level 15 in Fighting
 36028 | Spider:3 | Found a runed door.
 36028 | Spider:3 | Noticed Lihy's ghost (adept MiFi)
 36040 | Spider:3 | Killed Lihy's ghost
 36372 | Spider:4 | Entered Level 4 of the Spider Nest
 37220 | Spider:4 | HP: 5/149 [disintegration (35)]
 37228 | Spider:4 | Blown up by an orb spider

Vault maps used:
D:1:      sevenhm_arrival_forest_fort_large_4
D:2:      old_standard_altar, first_ration, minmay_strange_pillars,
          lemuel_old_faithful
D:3:      minmay_rat_hole
D:4:      nicolae_overflow_crystal_walls, makhleb_blood_cavern_becter,
          ebering_ghost_reflecting_pool, minivault_26
D:5:      nicolae_ashenzari_panopticon
D:6:      corexii_shack_village, kennysheep_little_box, elyvilon_altar_1,
          minitemple, minivault_25, uniq_menkaure
D:7:      minmay_temple_entry_oklob, hex_tiny
D:9:      xom_butterflies, kennysheep_mini_moat, uniq_grum, uniq_erica
D:10:     gammafunk_ghost_grave
D:11:     gammafunk_cloud_chamber, erik_lair_orcish_takeover, grunt_livestock,
          kennysheep_minor_cross
D:12:     cross_vault, orc_0_dummy, portal_ice_cave_entry_pillars_1,
          roderic_batcave, lemuel_flamethrower_1
D:13:     grunt_vaults_entry_tiered, gammafunk_ghost_split
D:14:     kennysheep_windowed_halls, basic_altar, lemuel_blue_sif_altar,
          lemuel_flamethrower_2
D:15:     gammafunk_depths_entry_grave, minmay_misc_feat_more_columns
Lair:1:   lab_entry_generic, ebering_ghost_disaster_area,
          infiniplex_staircase_pool_2
Lair:2:   spider_nest_entry_funnel_web, serial_bayou_lagoon_b, uniq_harold,
          uniq_sonja
Lair:4:   minmay_shoals_entry_beasts, uniq_nergalle
Lair:5:   nicolae_slime_entry_slimehenge, worms_lemuel, serial_bayou_shore_a,
          minmay_lair_oklob_chamber
Lair:6:   minmay_lair_end_frog_pond, st_stairs_8
Spider:1: uniq_josephine, uniq_agnes
Spider:2: nicolae_spider_nook, uniq_frances
Spider:3: gammafunk_ghost_grave, spider_trap
Spider:4: grunt_spider_rune_circles, nicolae_spider_stair_cavern
IceCv:    ice_cave_small_demon

Skill      XL: |  1  2  3  4  5  6  7  8  9 10 11 12 13 14 15 16 |
---------------+-------------------------------------------------+-----
Dodging        | 3 4 5 6 7 8 9 10 12 14 15 | 15.5
Fighting       | 4 5 6 7 9 10 11 12 13 14 15 | 15.6
Long Blades    | 4 5 6 8 9 10 12 13 14 16 | 16.0
Invocations    | 1 2 4 5 7 8 10 11 12 14 16 | 16.7
Spellcasting   | 2 4 |  4.7
Charms         | 2 |  2.4
Air Magic      | 2 |  2.2
Shields        | 4 |  4.4
Translocations | 2 |  2.1
Stealth        | |  1.9

Action                   |  1- 3 |  4- 6 |  7- 9 | 10-12 | 13-15 | 16-18 || total
-------------------------+-------+-------+-------+-------+-------+-------++-------
Melee: Falchion          |   103 |   158 |   332 |       |       |       ||   593
       Tailslap          |    18 |    26 |    79 |   142 |   262 |    59 ||   586
       Scimitar          |       |       |    96 |   384 |       |       ||   480
       Double sword      |       |       |       |   156 |   885 |   173 ||  1214
       Kick              |       |       |       |       |   122 |       ||   122
 Cast: Swiftness         |       |       |       |       |     1 |       ||     1
       Blink             |       |       |       |       |     1 |     2 ||     3
Invok: Stomp             |       |     2 |     3 |    12 |    15 |     5 ||    37
       Line Pass         |       |       |     2 |    14 |     6 |     2 ||    24
       Grand Finale      |       |       |       |       |     2 |     1 ||     3
 Abil: Breathe Dispellin |       |       |    13 |    23 |    31 |    13 ||    80
  Use: Scroll            |     5 |     4 |    14 |    12 |    11 |     2 ||    48
       Potion            |       |     1 |     2 |    10 |     8 |     2 ||    23
 Stab: Sleeping          |     6 |     5 |     5 |     7 |       |       ||    23
       Paralysed         |       |       |    23 |    32 |    87 |    22 ||   164
       Confused          |       |       |     1 |     3 |     3 |     1 ||     8
       Distracted        |       |       |       |     2 |       |       ||     2
       Held in net/web   |       |       |       |       |       |     2 ||     2
  Eat: Chunk             |     1 |     4 |    22 |    25 |    36 |    11 ||    99
       Ration            |       |     1 |       |     6 |     6 |     1 ||    14
Armor: Skin              |    26 |    27 |    89 |   151 |   155 |    68 ||   516
Dodge: Dodged            |    93 |    83 |   267 |   410 |   932 |   347 ||  2132
Block: Buckler           |       |       |       |       |    21 |       ||    21
       Other             |       |       |       |       |    19 |    28 ||    47
       Rpst.: Falchion   |    27 |    23 |    79 |       |       |       ||   129
       Scimitar          |       |       |    25 |    75 |       |       ||   100
       Double sword      |       |       |       |    31 |   214 |    68 ||   313

Table legend:
 A = Non-vault XP
 B = Vault XP
 C = Vault XP percentage of total XP
 D = Non-vault monster count
 E = Vault monster count
 F = Vault count percentage of total count
                 A         B        C        D         E       F
            +---------+---------+-------+---------+---------+-------
      Total |  113041 |   80959 |  41.7 |     590 |     286 |  32.6
            +---------+---------+-------+---------+---------+-------
        D:1 |      43 |       0 |   0.0 |      25 |       0 |   0.0
        D:2 |      59 |       0 |   0.0 |      19 |       0 |   0.0
        D:3 |     101 |      20 |  16.5 |      12 |      19 |  61.3
        D:4 |     707 |     258 |  26.7 |      17 |       2 |  10.5
        D:5 |     809 |       0 |   0.0 |      16 |       0 |   0.0
        D:6 |     719 |     185 |  20.5 |      26 |      11 |  29.7
        D:7 |     991 |      59 |   5.6 |      24 |       1 |   4.0
        D:8 |     908 |       0 |   0.0 |      17 |       0 |   0.0
        D:9 |     621 |    1533 |  71.2 |      13 |       6 |  31.6
       D:10 |    2460 |     883 |  26.4 |      31 |       1 |   3.1
       D:11 |    6079 |    2429 |  28.5 |      45 |      19 |  29.7
       D:12 |    2407 |    3666 |  60.4 |      24 |      10 |  29.4
       D:13 |    5179 |   10419 |  66.8 |      27 |      32 |  54.2
       D:14 |    5148 |    6234 |  54.8 |      17 |      19 |  52.8
       D:15 |   14730 |    3963 |  21.2 |      41 |       8 |  16.3
     Lair:1 |     928 |    1043 |  52.9 |       8 |       1 |  11.1
     Lair:2 |    7757 |    3152 |  28.9 |      24 |       7 |  22.6
     Lair:3 |    4113 |       0 |   0.0 |      17 |       0 |   0.0
     Lair:4 |    5803 |    1607 |  21.7 |      23 |       3 |  11.5
     Lair:5 |    6864 |    4814 |  41.2 |      30 |      27 |  47.4
     Lair:6 |    5030 |   13489 |  72.8 |      17 |      53 |  75.7
   Spider:1 |   11985 |    4038 |  25.2 |      36 |       7 |  16.3
   Spider:2 |   20012 |    7110 |  26.2 |      54 |      13 |  19.4
   Spider:3 |    3573 |    2092 |  36.9 |      13 |       1 |   7.1
   Spider:4 |    6015 |   10671 |  64.0 |      14 |      24 |  63.2
      IceCv |       0 |    3294 | 100.0 |       0 |      22 | 100.0
            +---------+---------+-------+---------+---------+-------
